 Dungeon Crawl Stone Soup version 0.31.0-11-ge490571c62 (webtiles) character file.

Game seed: 14121194626894329245

5174 Fodor the Cleaver (level 10, -6/88 HPs)
             Began as a Minotaur Fighter on Feb 6, 2024.
             Was an Initiate of Gozag.
             Mangled by a two-headed ogre
             ... wielding a +0 giant club
              (14 damage)
             ... on level 9 of the Dungeon.
             The game lasted 00:41:14 (8410 turns).

Fodor the Cleaver (Minotaur Fighter)                Turns: 8410, Time: 00:41:15

Health: -6/88      AC: 12    Str: 21 (24) XL:     10   Next: 34%
Magic:  9/9        EV: 12    Int:  8 (11) God:    Gozag
Gold:   747        SH:  0    Dex: 10 (11) Spells: 9/9 levels left

rFire   + . .        E - +0 battleaxe
rCold   x . .        (shield currently unavailable)
rNeg    + . .        e - +2 ring mail {rN+}
rPois   .            (helmet restricted)
rElec   .            (no cloak)
rCorr   .            q - +1 pair of gloves
SInv    .            s - +0 pair of boots
Will    .....        (no amulet)
Stlth   +            l - ring of fire
HPRegen 0.34/turn    v - +6 ring of intelligence
MPRegen 0.11/turn

%: no passive effects
@: about to teleport
A: horns 2, retaliatory headbutt
a: Renounce Religion, Potion Petition, Call Merchant, Bribe Branch


You were on level 9 of the Dungeon.
You worshipped Gozag.
Gozag was pleased with you.
You visited 2 branches of the dungeon, and saw 10 of its levels.

You collected 859 gold pieces.
You paid 112 gold pieces to Gozag.

Inventory:

Hand Weapons
 k - a +0 arbalest
 E - a +0 battleaxe (weapon)
 H - a +0 lajatang
Missiles
 h - 2 throwing nets (quivered)
Armour
 e - a +2 ring mail of positive energy (worn)
 q - a +1 pair of gloves (worn)
 s - a +0 pair of boots (worn)
 t - a +0 chain mail
 y - a +2 buckler
Jewellery
 l - a ring of fire (left hand)
 u - a ring of flight
 v - a +6 ring of intelligence (right hand)
 C - a ring of protection from cold
Wands
 x - a wand of quicksilver (8)
 z - a wand of mindburst (13)
 G - a wand of flame (14)
Scrolls
 a - 2 scrolls of immolation
 b - 2 scrolls of fog
 d - a scroll of silence {unknown}
 g - 2 scrolls of noise
 i - 2 scrolls of poison
 n - a scroll of blinking {unknown}
 o - 2 scrolls of revelation
 p - a scroll of teleportation
 F - a scroll of enchant armour
Potions
 c - 2 potions of lignification
 f - 2 potions of ambrosia
 j - 2 potions of enlightenment
 m - a potion of heal wounds {unknown}
 r - 2 potions of degeneration
 B - a potion of haste {unknown}
 D - a potion of brilliance {unknown}


   Skills:
 + Level 8.2 Fighting
 + Level 12.9 Axes
 + Level 7.8 Armour
 + Level 5.3 Dodging
 + Level 1.8 Stealth
 + Level 6.5 Shields


You had 9 spell levels left.
You didn't know any spells.
Your spell library contained the following spells:

 Spells                   Type           Power      Damage    Failure   Level
 Sublimation of Blood     Necr           0%         N/A       69%         2
 Ozocubu's Armour         Ice            0%         N/A       89%         3
 Petrify                  Alch/Erth      0%         N/A       100%        4
 Irradiate                Conj/Alch      0%         3d11      100%        5
 Metabolic Englaciation   Hex/Ice        0%         N/A       100%        5
 Sculpt Simulacrum        Ice/Alch       0%         N/A       100%        6
 Haunt                    Necr/Summ      0%         N/A       100%        7
 Infestation              Necr           0%         N/A       100%        8
 Animate Dead             Necr           Unusable   N/A       N/A         4

Dungeon Overview and Level Annotations

Branches:
Dungeon (9/15)             Temple (1/1) D:7
   Lair: D:8-11         Orc: D:9-12

Altars:
Cheibriados
Dithmenos
Elyvilon
Fedhas
Gozag
Hepliaklqana
Kikubaaqudgha
Makhleb
Nemelex Xobeh
Okawaru
Qazlal
Ru
Sif Muna
Trog
Uskayaw
Vehumet
Wu Jian
Xom
Yredelemnul
Zin
The Shining One

Shops:
D:5 ([

Annotations:
D:5 3 runed translucent doors, TheBioAlchemist's ghost, novice FoFi
D:8 jasper's ghost, novice AtFi
Temple 4 transporters


Innate Abilities, Weirdness & Mutations

You have a pair of horns on your head.
You reflexively headbutt those who attack you in melee.


Message History

You now have 747 gold pieces (gained 19).
Things that are here:
a +4 long sword of freezing; a +0 robe
Items here: ))) [[[.
A - a +3 dire flail You drop a +3 dire flail.
A two-headed ogre comes into view. It is wielding two +0 giant clubs.
A two-headed ogre is nearby!
A two-headed ogre is nearby!
k - a +0 arbalest (weapon)
The two-headed ogre shouts in stereo!
Fire: k) +0 arbalest
Press: ? - help, Q - select action, (/) - cycle Shift-Dir - straight line, f - two-headed ogre
Aim: a two-headed ogre, wielding two +0 giant clubs (71% to hit)
You shoot a bolt.
The bolt barely misses the two-headed ogre.
Fire: k) +0 arbalest
Press: ? - help, Q - select action, (/) - cycle Shift-Dir - straight line, f/p - two-headed ogre
Aim: a two-headed ogre, wielding two +0 giant clubs (71% to hit)
You shoot a bolt. The bolt hits the two-headed ogre.
The two-headed ogre is lightly wounded.
Fire: k) +0 arbalest
Press: ? - help, Q - select action, (/) - cycle Shift-Dir - straight line, f/p - two-headed ogre
Aim: a two-headed ogre, wielding two +0 giant clubs (71% to hit)
You shoot a bolt. The bolt hits the two-headed ogre.
The two-headed ogre is lightly wounded.
E - a +0 battleaxe (weapon)
The two-headed ogre hits you with a +0 giant club!
* * * LOW HITPOINT WARNING * * *
The two-headed ogre hits you with a +0 giant club!
* * * LOW HITPOINT WARNING * * *
You feel better.
As you read the scroll of teleportation, it crumbles to dust.
You feel strangely unstable. The two-headed ogre barely misses you.
The two-headed ogre hits you with a +0 giant club!
* * * LOW HITPOINT WARNING * * *
The two-headed ogre attacks as it pursues you!
The two-headed ogre hits you with a +0 giant club!
You die...
Your body crumbles into a pile of gold.

#.. .####..##
......... .........
##........
#......... ....
##......... ....
#.......... #....
##<)@....... #....
##.))O.......
#.....#............
#.....#)...........
#.....))).....[...
#.................
##..#.............
###..............
#.............


You could see a two-headed ogre.

Vanquished Creatures
  A two-headed ogre (D:7)
  A manticore (D:7)
  A yaktaur (D:8)
  4 yaks (D:9)
  An acid dragon (D:5)
  A sky beast (D:8)
  2 centaurs
  3 kobold brigands
  2 gnoll sergeants
  4 bullfrogs
  6 scorpions
  15 wights
  10 killer bees
  A howler monkey (D:5)
  2 bombardier beetles (D:5)
  A hound (D:5)
  6 jellies
  3 orc priests
  6 iguanas
  5 orc wizards
  3 adders
  8 gnolls
  2 ufetubi (D:7)
  2 ribbon worms
  3 dart slugs
  10 orcs
  4 bats
  8 endoplasms
  9 giant cockroaches
  6 goblins
  13 hobgoblins
  9 jackals
  6 quokkas
  12 ball pythons
  2 frilled lizards (D:1)
  26 kobolds
  4 rats
202 creatures vanquished.

Vanquished Creatures (others)
  An adder (D:4)
1 creature vanquished.

Grand Total: 203 creatures vanquished

Notes
Turn   | Place    | Note
-------+----------+-------------------------------------------
     0 | D:1      | Fodor the Minotaur Fighter began the quest for the Orb.
     0 | D:1      | Reached XP level 1. HP: 19/19 MP: 0/0
     1 | D:1      | Noticed an electric eel
    31 | D:1      | Reached XP level 2. HP: 17/27 MP: 1/1
   126 | D:1      | Reached skill level 3 in Axes
   248 | D:1      | Reached XP level 3. HP: 31/33 MP: 2/2
   859 | D:2      | Reached XP level 4. HP: 40/40 MP: 3/3
  1242 | D:2      | Identified the +0 robe of the Charming Gods {Stlth+}
  1377 | D:3      | Found a faded altar of an unknown god.
  1690 | D:3      | Reached skill level 4 in Axes
  1894 | D:4      | Reached skill level 1 in Dodging
  2005 | D:4      | Reached XP level 5. HP: 32/47 MP: 4/4
  2305 | D:4      | Reached skill level 5 in Axes
  2312 | D:4      | Found a shimmering altar of Xom.
  2328 | D:4      | Reached XP level 6. HP: 29/53 MP: 5/5
  2953 | D:5      | Entered Level 5 of the Dungeon
  2979 | D:5      | Found a runed translucent gate.
  2984 | D:5      | Found a runed translucent gate.
  2984 | D:5      | Noticed TheBioAlchemist's ghost (novice FoFi)
  2985 | D:5      | Found a runed translucent gate.
  3001 | D:5      | Reached skill level 5 in Armour
  3024 | D:5      | Reached skill level 6 in Axes
  3032 | D:5      | Reached skill level 5 in Fighting
  3032 | D:5      | Reached XP level 7. HP: 35/61 MP: 6/6
  3037 | D:5      | Reached skill level 5 in Shields
  3362 | D:5      | Found Daitz's Weapon Emporium.
  3491 | D:5      | Reached skill level 7 in Axes
  3900 | D:5      | Found Hehal's Armour Emporium.
  3921 | D:5      | Reached XP level 8. HP: 64/70 MP: 7/7
  4724 | D:6      | Reached skill level 8 in Axes
  4724 | D:6      | Reached skill level 1 in Stealth
  5194 | D:6      | Reached skill level 9 in Axes
  5432 | D:7      | Found a staircase to the Ecumenical Temple.
  5439 | Temple   | Found a transporter.
  5439 | Temple   | Found a transporter.
  5439 | Temple   | Found a transporter.
  5439 | Temple   | Found a transporter.
  5439 | Temple   | Entered the Ecumenical Temple
  5457 | Temple   | Became a worshipper of Gozag Ym Sagoz the Greedy
  5806 | D:7      | Noticed a manticore
  5806 | D:7      | Noticed a two-headed ogre
  5812 | D:7      | Killed a manticore
  5813 | D:7      | Reached XP level 9. HP: 27/78 MP: 8/8
  5818 | D:7      | Killed a two-headed ogre
  5819 | D:7      | Reached skill level 10 in Axes
  6273 | D:7      | Found an ornate altar of the Wu Jian Council.
  6554 | D:7      | Reached skill level 11 in Axes
  7257 | D:8      | Reached skill level 5 in Dodging
  7838 | D:8      | Found a runed translucent door.
  7838 | D:8      | Noticed a yaktaur
  7839 | D:8      | Noticed jasper's ghost (novice AtFi)
  7874 | D:8      | Reached XP level 10. HP: 81/85 MP: 9/9
  7943 | D:8      | Reached skill level 12 in Axes
  8402 | D:9      | Noticed a two-headed ogre
  8410 | D:9      | Mangled by a two-headed ogre

Illustrated notes

Levels and vault maps discovered:
D:1:      arrival_aquarium_a, layout_basic, minmay_misc_feat_five
D:2:      layout_loops_cross
D:3:      layout_rooms, hellmonk_ecumenical_altar_zigzags,
          kennysheep_generic_room_15
D:4:      layout_basic, xom_confusion_cloud, minmay_cupped
D:5:      layout_basic, serial_shops, shop_fountains, nicolae_shop_peninsula,
          gammafunk_ghost_nasty_kobolds, kennysheep_generic_room_14
D:6:      layout_basic, kennysheep_decorative_pillar
D:7:      layout_basic, lemuel_tele_altar, temple_green, minmay_small_thing
D:8:      layout_gridville, ebering_ghost_inner_flame
D:9:      layout_layer_cave, grunt_lair_entry_orc_guard_hut
Temple:   hellmonk_temple_divided_pantheon

Skill      XL: |  1  2  3  4  5  6  7  8  9 10 |
---------------+-------------------------------+-----
Fighting       | 4 5 6 7 8 |  8.2
Armour         | 4 5 6 7 |  7.8
Axes           | 3 4 5 6 7 9 11 12 | 12.9
Shields        | 4 5 6 |  6.5
Dodging        | 1 2 3 4 5 |  5.3
Stealth        | 1 |  1.8

Action                     |  1- 3 |  4- 6 |  7- 9 | 10-12 || total
---------------------------+-------+-------+-------+-------++-------
  Melee: War axe           |    80 |   135 |   146 |       ||   361
         Headbutt          |    10 |    19 |    48 |     9 ||    86
         Battleaxe         |       |       |    88 |    29 ||   117
   Fire: Arbalest          |       |       |       |     5 ||     5
  Evoke: Wand              |       |       |     1 |       ||     1
    Use: Scroll            |       |     6 |     5 |     3 ||    14
         Potion            |       |     2 |     1 |     5 ||     8
   Stab: Distracted        |       |       |     2 |       ||     2
 Armour: Ring mail         |    65 |    88 |   194 |    50 ||   397
  Dodge: Dodged            |    50 |    92 |   145 |    27 ||   314
  Block: Buckler           |    26 |    39 |    41 |       ||   106
